AoeStats
← 如恋雨止

QS Arena

503228735Analyzed
4v4 RM · 1mo ago on Aug 30, 2026· 52m 8s· 8 players
Game mode
Random Map
Map size
Large (8 player)
Population
200
Speed
Normal
Resources
Standard
Victory
Conquest
Starting age
Dark Age
Ending age
Imperial Age
RankedLock teamsTeams togetherTeam positionsShared explorationLock speedFull tech treeHidden civsTurbo modeCheats
Victory
Defeat
🇵🇪 Koreans · Peru
1105
+11
🇵🇪 Spanish · Peru
967
+17
🇨🇳 Poles · China
906
+19
🇩🇰 Magyars · Denmark
896
+20
🇧🇷 Wei · Brazil
1062
-20
🇦🇷 Sicilians · Argentina
1042
-19
🇦🇷 Vikings · Argentina
975
-16
🇦🇷 Italians · Argentina
845
-11
Led
8:25 Feudal Age
9:14 Double-Bit Axe
10:28 Loom
13:15 Castle Age
11:30 Horse Collar
14:19 Bow Saw
16:27 Gold Mining
17:50 Wheelbarrow
19:35 Hand Cart
20:15 Heavy Plow
21:33 Scale Barding Armor
22:31 Stone Mining
23:17 Gold Shaft Mining
24:10 Town Watch
25:17 Stone Shaft Mining
28:50 Imperial Age
26:38 Town Patrol
27:43 Bloodlines
27:33 Husbandry
27:45 Forging
28:38 Tuntian
29:14 Iron Casting
29:00 Chain Barding Armor
30:16 Conscription
30:02 Heavy Hei Guang Cavalry
32:15 Blast Furnace
32:36 Ming Guang Armor
33:58 Crop Rotation
35:44 Fletching
35:55 Padded Archer Armor
35:46 Capped Ram
37:26 Parthian Tactics
37:16 Elite Skirmisher
37:54 Bodkin Arrow
39:19 Bracer
39:34 Leather Archer Armor
40:22 Chemistry
39:05 Treadmill Crane
40:14 Scale Mail Armor
40:12 Pikeman
40:53 Squires
40:38 Arson
41:40 Ring Archer Armor
40:40 Light Cavalry
42:25 Onager
44:04 Siege Ram
44:40 Hussar
48:44 Fortified Wall
48:54 Ballistics
49:13 Halberdier
50:40 Chain Mail Armor
51:03 Thumb Ring
RAMOSH
0:59 Loom
9:25 Feudal Age
11:34 Wheelbarrow
10:49 Double-Bit Axe
11:54 Horse Collar
18:12 Castle Age
16:13 Gold Mining
16:13 Stone Mining
16:52 Scale Barding Armor
16:57 Forging
18:15 Forging
20:28 Hand Cart
20:54 Bow Saw
28:49 Crossbowman
29:35 Thumb Ring
30:58 Stone Mining
32:10 Fletching
32:20 Padded Archer Armor
38:37 Imperial Age
36:57 Leather Archer Armor
36:37 Bodkin Arrow
39:49 Conscription
40:13 Stone Shaft Mining
39:27 Elite Genoese Crossbowman
42:17 Ring Archer Armor
41:48 Bracer
52:44 Chemistry
52:05 Ballistics
merascolanariz
8:36 Feudal Age
12:38 Castle Age
10:52 Double-Bit Axe
11:15 Horse Collar
14:24 Bow Saw
14:18 Town Watch
15:54 Gold Mining
15:55 Stone Mining
20:01 Gold Shaft Mining
19:41 Loom
22:04 Heavy Plow
23:30 Forging
25:29 Iron Casting
25:29 Gambesons
25:44 Squires
30:59 Imperial Age
30:39 Scale Mail Armor
30:36 Fletching
31:24 Murder Holes
31:39 Fortified Wall
31:51 Chain Mail Armor
31:10 Elite Berserk
32:12 Conscription
31:55 Chieftains
33:37 Two-Man Saw
32:40 Capped Ram
34:26 Blast Furnace
33:57 Plate Mail Armor
34:30 Crop Rotation
35:43 Chieftains
35:53 Siege Ram
36:44 Pikeman
39:00 Chieftains
51:01 Elite Skirmisher
Exánime
2:38 Loom
7:18 Feudal Age
9:17 Double-Bit Axe
10:13 Horse Collar
11:36 Wheelbarrow
18:06 Castle Age
18:18 Town Watch
19:51 Hand Cart
23:16 Heavy Plow
23:28 Bow Saw
23:11 Gold Mining
23:17 Stone Mining
25:23 Squires
26:07 Masonry
27:31 Stone Shaft Mining
27:05 Scale Mail Armor
27:16 Forging
30:24 Imperial Age
29:05 Town Patrol
29:51 Gold Shaft Mining
32:30 Pikeman
33:17 Halberdier
33:25 Elite Serjeant
36:17 Chain Mail Armor
38:20 Conscription
39:22 First Crusade
40:27 Chemistry
39:22 Fletching
44:31 Plate Mail Armor
48:30 Scale Barding Armor
49:55 Husbandry
50:06 Bloodlines
49:22 Light Cavalry
maltheh9797
8:53 Feudal Age
13:05 Castle Age
11:23 Double-Bit Axe
11:46 Horse Collar
14:20 Bow Saw
14:40 Gold Mining
20:11 Loom
22:37 Fletching
23:13 Ballistics
23:53 Wheelbarrow
23:10 Town Watch
23:52 Treadmill Crane
27:39 Hand Cart
27:21 Gold Mining
27:59 Thumb Ring
27:53 Bodkin Arrow
29:21 Gold Shaft Mining
32:12 Imperial Age
29:58 Padded Archer Armor
30:08 Stone Mining
31:00 Leather Archer Armor
32:07 Corvinian Army
32:23 Scale Barding Armor
33:59 Conscription
33:31 Elite Magyar Huszar
34:36 Chain Barding Armor
35:15 Parthian Tactics
36:03 Heavy Cavalry Archer
36:40 Heavy Scorpion
38:51 Bracer
39:21 Ring Archer Armor
42:28 Chemistry
41:34 Siege Engineers
43:55 Capped Ram
44:01 Capped Ram
Sr. Manatí
8:16 Feudal Age
6:54 Loom
9:28 Double-Bit Axe
12:56 Castle Age
11:07 Horse Collar
14:04 Bow Saw
14:32 Heavy Plow
14:30 Stone Mining
19:24 Gold Mining
22:40 Wheelbarrow
25:17 Hand Cart
28:07 Imperial Age
25:24 Town Watch
27:05 Hand Cart
26:50 Town Patrol
27:26 Husbandry
27:37 Bloodlines
27:11 Pikeman
28:02 Inquisition
28:30 Squires
29:21 Conscription
28:52 Halberdier
29:44 Forging
29:39 Scale Barding Armor
29:25 Fletching
29:35 Padded Archer Armor
30:47 Supremacy
32:02 Chemistry
31:22 Ballistics
32:48 Two-Man Saw
32:56 Cavalier
35:26 Caravan
35:12 Paladin
36:30 Iron Casting
36:15 Chain Barding Armor
38:37 Blast Furnace
38:12 Plate Barding Armor
37:33 Bodkin Arrow
37:54 Leather Archer Armor
39:00 Scale Mail Armor
39:00 Bracer
38:43 Elite Conquistador
40:36 Light Cavalry
43:33 Man-at-Arms
43:59 Gambesons
43:59 Arson
45:04 Murder Holes
45:19 Fortified Wall
45:52 Chain Mail Armor
46:07 Ring Archer Armor
Yisus Patitas Suaves
8:22 Feudal Age
9:44 Loom
12:37 Castle Age
11:04 Double-Bit Axe
13:31 Wheelbarrow
13:50 Bow Saw
16:14 Town Watch
18:03 Horse Collar
18:54 Heavy Plow
21:44 Wheelbarrow
22:04 Fletching
26:15 Imperial Age
24:03 Murder Holes
24:13 Bodkin Arrow
25:41 Gambesons
25:56 Squires
25:42 Arson
26:14 Scale Mail Armor
26:03 Pikeman
26:29 Elite Skirmisher
27:13 Bracer
27:40 Thumb Ring
28:00 Ballistics
27:45 Halberdier
29:34 Forging
29:39 Chain Mail Armor
30:46 Hand Cart
30:31 Town Patrol
30:47 Eupseong
31:40 Conscription
31:39 Gold Mining
32:27 Iron Casting
33:03 Gold Shaft Mining
32:20 Stone Mining
33:19 Plate Mail Armor
33:52 Chemistry
32:33 Treadmill Crane
34:42 Scale Barding Armor
37:06 Stone Shaft Mining
36:41 Siege Engineers
36:47 Masonry
36:47 Fortified Wall
43:52 Chain Barding Armor
44:26 Shinkichon
43:27 Elite War Wagon
44:48 Architecture
44:09 Heated Shot
44:07 Arrowslits
44:28 Siphons
如恋雨止
2:49 Loom
8:41 Feudal Age
9:07 Horse Collar
9:14 Double-Bit Axe
15:45 Wheelbarrow
17:37 Castle Age
16:39 Forging
16:59 Scale Barding Armor
16:54 Scale Mail Armor
16:59 Scale Barding Armor
17:00 Scale Mail Armor
19:12 Iron Casting
18:00 Light Cavalry
18:43 Husbandry
18:53 Bloodlines
18:44 Husbandry
19:04 Bow Saw
18:56 Heavy Plow
19:01 Scale Mail Armor
21:04 Town Watch
21:14 Stone Mining
22:36 Chain Barding Armor
23:49 Town Patrol
24:33 Wheelbarrow
26:02 Hand Cart
28:57 Imperial Age
26:49 Scale Mail Armor
30:50 Blast Furnace
31:53 Crop Rotation
31:48 Chain Mail Armor
35:32 Stone Shaft Mining
34:47 Gold Mining
35:31 Lechitic Legacy
35:32 Conscription
35:18 Szlachta Privileges
37:17 Chemistry
36:42 Winged Hussar
44:24 Siege Engineers
44:30 Masonry
44:01 Treadmill Crane
47:09 Conscription
46:10 Elite Obuch
47:26 Hoardings
46:56 Caravan
50:51 Plate Mail Armor
Connection lost

Rejoining the realm…

Still unreachable

The connection could not be restored.

Session expired

The server has moved on; the page needs a fresh start.